 Dungeon Crawl Stone Soup version 0.30.0-5-g1a98f26d00 (webtiles) character file.

Game seed: 5088498145540817198

2356 meatpath the Ruffian (level 9, -2/92 HPs)
             Began as a Troll Monk on May 12, 2023.
             Shot with an arrow by a centaur (8 damage)
             ... on level 7 of the Dungeon.
             The game lasted 00:12:25 (4668 turns).

meatpath the Ruffian (Troll Monk)                   Turns: 4668, Time: 00:12:25

Health: -2/92      AC:  5    Str: 25    XL:     9   Next: 20%
Magic:  8/8        EV: 12    Int:  6    God:
Gold:   354        SH:  0    Dex: 12    Spells: 8/8 levels left

rFire   . .          .
                       - Unarmed
rCold   . . .        c - orb {light}
rNeg    . . .        a - +0 robe
rPois   .            (helmet restricted)
rElec   .            y - +0 cloak
rCorr   +            (gloves unavailable)
SInv    .            (boots unavailable)
Will    .....        (no amulet)
Stlth   +            e - ring of resist corrosion
HPRegen 1.15/turn    (no ring)
MPRegen 0.11/turn

%: no passive effects
@: glowing
A: large, unfitting armour, claws 3, regeneration 1, shaggy fur 1, tough skin 1
a: no special abilities


You were on level 7 of the Dungeon.
You visited 1 branch of the dungeon, and saw 8 of its levels.
You also visited: Sewer.

You collected 354 gold pieces.

Inventory:

Hand Weapons
 A - a +0 giant spiked club
Missiles
 k - a throwing net (quivered)
 s - 2 silver javelins
Armour
 a - a +0 robe (worn)
 c - an orb of light (worn)
 y - a +0 cloak (worn)
Jewellery
 e - a ring of resist corrosion (left claw)
 o - a ring of flight
Wands
 f - a wand of mindburst (29)
 p - a wand of polymorph (7)
 C - a wand of digging (7)
Scrolls
 d - a scroll of torment
 g - 2 scrolls of enchant armour
 h - 4 scrolls of noise
 j - 4 scrolls of immolation
 l - a scroll of summoning
 m - a scroll of poison
 n - 3 scrolls of vulnerability
 q - a scroll of teleportation
 r - 2 scrolls of silence
Potions
 b - a potion of ambrosia
 i - 7 potions of curing
 t - 2 potions of lignification
 u - 2 potions of haste
 w - a potion of magic {unknown}
 x - a potion of mutation {unknown}
 z - a potion of invisibility {unknown}
 B - 2 potions of brilliance {unknown}
 D - a potion of flight {unknown}


   Skills:
 + Level 6.4 Fighting
 + Level 6.4 Dodging
 + Level 7.8 Unarmed Combat


You had 8 spell levels left.
You didn't know any spells.
Your spell library contained the following spells:

 Spells                   Type           Power      Damage    Failure   Level
 Freeze                   Ice            0%         1d3       45%         1
 Blink                    Tloc           0%         N/A       58%         2
 Lesser Beckoning         Tloc           0%         N/A       58%         2
 Momentum Strike          Conj/Tloc      0%         3d8       58%         2
 Poisonous Vapours        Pois/Air       0%         N/A       58%         2
 Scorch                   Fire           0%         2d5       58%         2
 Frozen Ramparts          Ice            0%         1d1       83%         3
 Hailstorm                Conj/Ice       0%         3d3       83%         3
 Ignite Poison            Fire/Tmut/Pois 0%         N/A       83%         3
 Mephitic Cloud           Conj/Pois/Air  0%         N/A       83%         3
 Tukima's Dance           Hex            0%         N/A       83%         3
 Flame Wave               Conj/Fire      0%         2d4       99%         4
 Passage of Golubria      Tloc           0%         N/A       99%         4
 Sticky Flame             Conj/Fire      0%         2d3       99%         4
 Freezing Cloud           Conj/Ice/Air   0%         6-21      100%        5
 Yara's Violent Unravell  Hex/Tmut       0%         3d3       100%        5
 Summon Cactus Giant      Summ           0%         N/A       100%        6
 Ignition                 Fire           0%         3d3       100%        8


Dungeon Overview and Level Annotations

Branches:
Dungeon (8/15)              Sewer (visited)
 Temple: D:4-7         Lair: D:8-11

Altars:
Gozag
Kikubaaqudgha
Sif Muna
Trog

Shops:
D:5 =   D:6 [


Innate Abilities, Weirdness & Mutations

You are too large for most types of armour.
You have claws for hands.
Your natural rate of healing is unusually fast.
You are covered in fur. (AC +1)
You have tough skin. (AC +1)


Message History

You mangle the gnoll!!
You kill the gnoll!
The gnoll hits you with a +0 club.
You scratch the gnoll.
You kill the gnoll!
The iguana bites you!
* * * LOW HITPOINT WARNING * * *
You barely miss the gnoll bouda.
The iguana bites you but does no damage.
The gnoll bouda barely misses you.
You scratch the gnoll bouda but do no damage.
The iguana bites you.
* * * LOW HITPOINT WARNING * * *
The gnoll bouda hits you with a +0 club.
* * * LOW HITPOINT WARNING * * *
The gnoll bouda attacks as you move away!
The gnoll bouda hits you with a +0 club.
* * * LOW HITPOINT WARNING * * *
You see here a +0 flail.
As you read the scroll of teleportation, it crumbles to dust.
You feel strangely unstable. The iguana barely misses you.
The iguana attacks as you move away! The iguana closely misses you.
Your surroundings suddenly seem different.
Found 18 gold pieces.
Found a long sword.
A centaur comes into view.
The centaur shouts!
The centaur wields a +0 shortbow.
The centaur shoots an arrow.
The arrow closely misses you.
The centaur shoots an arrow.
The arrow barely misses you.
Found a stone staircase leading up.
The centaur shoots an arrow.
The arrow hits you!
* * * LOW HITPOINT WARNING * * *
An orc wizard comes into view. It is wielding a +0 dagger.
The orc wizard shouts!
You see here 18 gold pieces.
The centaur shoots an arrow.
The arrow hits you.
* * * LOW HITPOINT WARNING * * *
The centaur shoots an arrow.
The arrow hits you!
You die...

## #. .g .. .g #. # ###
#g .## . ..# #. ..# .# #
#.# #. #.# ..#
o####.##.### #.###g##...
.c.....$@..#.##.>.......#
.##)..##.#.<#...........#
##...##.###.######.##..#
......................#.
###..##############.##...
# ##.##.## #)).....
#######g###### ......)l#


You could see a centaur.

Vanquished Creatures
  Pikel (D:5)
  2 water moccasins (D:5)
  Duvessa (D:4)
  An ice beast (D:8)
  An ogre (D:5)
  3 lemures
  2 phantoms (D:5)
  2 kobold brigands (Sewer)
  2 bullfrogs
  Blork the orc (D:5)
  3 scorpions
  3 wights (D:4)
  Dowan (D:4)
  A howler monkey (D:5)
  A quasit (Sewer)
  An orc priest (D:4)
  A hound (D:4)
  A jelly (D:6)
  Ijyb (D:4)
  Terence (D:3)
  2 iguanas
  2 orc wizards (D:4)
  5 gnolls (D:7)
  7 adders
  3 shadow imps (Sewer)
  A white imp (D:5)
  An ufetubus (Sewer)
  A dart slug (D:3)
  11 orcs
  6 bats
  6 endoplasms
  8 giant cockroaches
  5 goblins
  5 hobgoblins
  7 jackals
  6 quokkas
  13 ball pythons
  9 frilled lizards
  22 kobolds
  2 kobold zombies (Sewer)
  4 rats
156 creatures vanquished.

Notes
Turn   | Place    | Note
-------+----------+-------------------------------------------
     0 | D:1      | meatpath the Troll Monk began the quest for the Orb.
     0 | D:1      | Reached XP level 1. HP: 22/22 MP: 0/0
   353 | D:1      | Found a faded altar of an unknown god.
   368 | D:1      | Reached XP level 2. HP: 28/29 MP: 1/1
   941 | D:2      | Reached XP level 3. HP: 29/36 MP: 2/2
  1103 | D:2      | Reached XP level 4. HP: 45/45 MP: 3/3
  1111 | D:2      | Found a shimmering blue altar of Sif Muna.
  1518 | D:3      | Found an opulent altar of Gozag.
  1732 | D:3      | Noticed Terence
  1740 | D:3      | Killed Terence
  1741 | D:3      | Reached skill level 4 in Unarmed Combat
  1967 | D:3      | Reached XP level 5. HP: 53/53 MP: 4/4
  2608 | D:4      | Found an ancient bone altar of Kikubaaqudgha.
  2660 | D:4      | Noticed Ijyb
  2675 | D:4      | Killed Ijyb
  2706 | D:4      | Found a bloodstained altar of Trog.
  2722 | D:4      | Reached XP level 6. HP: 62/62 MP: 5/5
  2723 | D:4      | Noticed Duvessa
  2799 | D:4      | Killed Duvessa
  2815 | D:4      | Noticed Dowan
  2818 | D:4      | Killed Dowan
  2829 | D:4      | Reached skill level 5 in Unarmed Combat
  2898 | D:4      | Reached XP level 7. HP: 71/71 MP: 6/6
  3132 | D:4      | Found a glowing drain.
  3142 | Sewer    | Entered a sewer
  3232 | Sewer    | Found a burning altar of Makhleb.
  3340 | Sewer    | Noticed Grinder
  3349 | Sewer    | Paralysed by Grinder for 5 turns
  3361 | Sewer    | Paralysed by Grinder for 4 turns
  3677 | D:5      | Entered Level 5 of the Dungeon
  3677 | D:5      | Noticed Blork the orc
  3677 | D:5      | Found Diheah's Jewellery Boutique.
  3688 | D:4      | Reached skill level 5 in Fighting
  3688 | D:4      | Reached skill level 5 in Dodging
  3688 | D:4      | Reached skill level 6 in Unarmed Combat
  3710 | D:5      | Killed Blork the orc
  3711 | D:5      | Reached XP level 8. HP: 80/80 MP: 7/7
  4111 | D:5      | Noticed Pikel
  4121 | D:5      | Killed Pikel
  4122 | D:5      | Reached skill level 7 in Unarmed Combat
  4196 | D:5      | Reached XP level 9. HP: 74/89 MP: 8/8
  4523 | D:6      | Found Xionemat's Armour Boutique.
  4579 | D:6      | You fall into a shaft and drop 2 floors!
  4668 | D:7      | Shot with an arrow by a centaur

Illustrated notes

Levels and vault maps discovered:
D:1:      giann_horns, layout_basic, chequers_ecumenical_altar_simple_redux
D:2:      layout_basic, basic_altar
D:3:      layout_loops_corners, grunt_gozag_breadcrumbs, nrook_campfire,
          minmay_lizard_king, uniq_terence
D:4:      layout_basic, mainiacjoe_overflow_alcove_2,
          mainiacjoe_overflow_cross_hatched, portal_sewer_entry_f, uniq_ijyb,
          uniq_duvessa
D:5:      layout_layer_cave, serial_shops, shop, uniq_pikel, uniq_blork_the_orc,
          uniq_grinder
D:6:      layout_cave_pools, serial_shops, shop, nicolae_shop_window_shopping,
          nicolae_shop_trees, nicolae_shop_trees, chequers_serial_rivers_micro_a
D:7:      layout_loops_ring, temple_hall, serial_shops, shop
D:8:      layout_basic, mainiacjoe_overflow_24_doors, uniq_prince_ribbit1

Skill      XL: |  1  2  3  4  5  6  7  8 |
---------------+-------------------------+-----
Fighting       | 3 4 5 6 |  6.4
Dodging        | 3 4 5 6 |  6.4
Unarmed Combat | 4 5 6 7 |  7.8

Action                     |  1- 3 |  4- 6 |  7- 9 || total
---------------------------+-------+-------+-------++-------
  Melee: Unarmed           |    82 |   102 |   199 ||   383
    Use: Scroll            |     2 |     5 |     8 ||    15
         Potion            |       |       |     1 ||     1
 Armour: Robe              |    17 |    19 |    61 ||    97
         Skin              |       |    27 |       ||    27
  Dodge: Dodged            |    42 |    46 |   101 ||   189
